 Dungeon Crawl Stone Soup version 0.31.0-9-g3a7656b989 (webtiles) character file.

Game seed: 9933395622915712088

100 qw the Shooter (level 4, 0/25 HPs)
             Began as a Deep Elf Hunter on Feb 2, 2024.
             Slain by a gnoll
             ... wielding a +0 flail
              (11 damage)
             ... on level 3 of the Dungeon.
             The game lasted 00:00:06 (1678 turns).

qw the Shooter (Deep Elf Hunter)                    Turns: 1678, Time: 00:00:07

Health: 0/25       AC:  3    Str:  8    XL:     4   Next: 46%
Magic:  6/6        EV: 12    Int: 17    God:
Gold:   178        SH:  0    Dex: 21    Spells: 3/3 levels left

rFire   . . .        a - +0 shortbow
rCold   . . .        (shield currently unavailable)
rNeg    . . .        c - +0 leather armour
rPois   .            (helmet restricted)
rElec   .            (no cloak)
rCorr   .            (no gloves)
SInv    .            (no boots)
Will    +....        (no amulet)
Stlth   ++           e - ring of willpower
HPRegen 0.24/turn    (no ring)
MPRegen 0.10/turn

%: no passive effects
@: no status effects
A: horns 1, agile 1, clever 1
a: no special abilities


You were on level 3 of the Dungeon.
You visited 1 branch of the dungeon, and saw 3 of its levels.

You collected 178 gold pieces.


Innate Abilities, Weirdness & Mutations

You have a pair of small horns on your head.
You are agile. (Dex +4, Str/Int -1)
Your mind is acute. (Int +4, Str/Dex -1)


   Skills:
 - Level 1.5 Fighting
 + Level 7.9 Ranged Weapons
 - Level 2.4 Dodging
 - Level 1.2 Stealth


You had 3 spell levels left.
You didn't know any spells.
Your spell library was empty.

Inventory:

Hand Weapons
 a - a +0 shortbow (weapon)
Armour
 c - a +0 leather armour (worn)
Jewellery
 e - a ring of willpower (left hand)
Potions
 b - a potion of cancellation {unknown}
 d - 5 potions of mutation
 g - a potion of magic {unknown}

Dungeon Overview and Level Annotations

Branches:
Dungeon (3/15)

Altars:

Annotations:
D:3 Jessica


Message History

A gnoll is wielding a +0 halberd and quivering 2 throwing nets.
You shoot an arrow. The gnoll shouts! x2
The arrow hits the gnoll.
The gnoll is lightly wounded.
The orc shouts!
You hear a shout!
A hobgoblin comes into view.
You shoot an arrow. The arrow barely misses the gnoll.
The hobgoblin shouts!
The arrow hits the orc.
The orc is heavily wounded.
The gnoll throws a throwing net.
The throwing net hits you.
You become entangled in the net!
You struggle against the net.
A gnoll comes into view. It is wielding a +0 spear.
A goblin comes into view. It is wielding a +2 spear of freezing.
You struggle against the net.
The gnoll shouts!
The gnoll barely misses you.
Jessica the Apprentice Sorceress comes into view.
She is wielding a +5 club.
A gnoll comes into view. It is wielding a +0 spear.
You struggle against the net.
The goblin shouts!
You hear an angry hiss.
The gnoll hits you with a +0 flail!
You shred the net and break free!
Enter note:
Enter note:
1674 ||| RETREEEEATING.
You shoot an arrow. The arrow hits the gnoll.
The gnoll is lightly wounded.
The gnoll hits you with a +0 flail.
You shoot an arrow. The arrow closely misses the gnoll.
The gnoll barely misses you.
You shoot an arrow. The arrow hits the gnoll.
The gnoll is lightly wounded.
The gnoll barely misses you.
You shoot an arrow. The arrow hits the gnoll.
The gnoll is moderately wounded.
The gnoll hits you with a +0 flail!
You die...

#.....<...........).#.####
#......############...#
..###...#######.....###
### #...........######
######...........# #
#...##.......### #
#####.####.........#
#####..............#####
...........#####@###
..#......### #g##
<........##....g...~~..
....#.......###..g~~...
...##......## #..~...@~
....#......# #..~g.gg.
..#.#......(# #...~~...
..#.####.)#..........}~
..#.# .#..........~~}


You could see 2 gnolls.

Vanquished Creatures
  4 adders (D:2)
  A dart slug (D:2)
  A ribbon worm (D:2)
  6 ball pythons
  4 endoplasms
  2 giant cockroaches
  2 goblins (D:2)
  8 hobgoblins
  3 jackals (D:1)
  7 kobolds
  2 quokkas
  7 bats
  5 frilled lizards
  3 rats
55 creatures vanquished.

Notes
Turn   | Place    | Note
-------+----------+-------------------------------------------
     0 | D:1      | qw the Deep Elf Hunter began the quest for the Orb.
     0 | D:1      | Reached XP level 1. HP: 12/12 MP: 3/3
     0 | D:1      | 0 ||| qw: Version: 0.3-a-155-g5e7d8dd
     0 | D:1      | 0 ||| qw: Game counter: 1661
     0 | D:1      | 0 ||| qw: Melee chars always use a shield: true
     0 | D:1      | 0 ||| qw: God list: Okawaru
     0 | D:1      | 0 ||| qw: Allow faded altars: false
     0 | D:1      | 0 ||| qw: Do Orc after clearing Dungeon:15 true
     0 | D:1      | 0 ||| qw: Do second Lair branch before Depths: true
     0 | D:1      | 0 ||| qw: Lair rune preference: random
     0 | D:1      | 0 ||| qw: Goals: Normal
     0 | D:1      | 0 ||| PLANNING D:1-11
   171 | D:1      | Reached skill level 6 in Ranged Weapons
   171 | D:1      | Reached XP level 2. HP: 16/16 MP: 4/4
   589 | D:1      | Reached XP level 3. HP: 20/20 MP: 5/5
   892 | D:1      | 892 ||| UPGRADING to ring of willpower.
   893 | D:1      | 893 ||| READING scroll labelled LYNTEXOTTA.
   894 | D:1      | 894 ||| READING scroll labelled ZYXTAD MUHE.
   894 | D:1      | 894 ||| IDENTIFYING bubbling cyan potion
   895 | D:1      | 895 ||| DRINKING 2 viscous cyan potions.
   895 | D:1      | Gained mutation: Your mind is acute. (Int +4, Str/Dex -1)
                  | [potion of mutation]
   895 | D:1      | Gained mutation: You are agile. (Dex +4, Str/Int -1)
                  | [potion of mutation]
   895 | D:1      | Gained mutation: You have a pair of small horns on your
                  | head. [potion of mutation]
   896 | D:1      | 896 ||| DROPPING scroll of butterflies.
   897 | D:1      | 897 ||| DROPPING potion of invisibility.
   988 | D:2      | Reached skill level 7 in Ranged Weapons
  1185 | D:2      | Reached XP level 4. HP: 25/25 MP: 6/6
  1546 | D:2      | 1546 ||| READING scroll labelled PIBRAHANIGG.
  1671 | D:3      | Noticed Jessica
  1674 | D:3      | 1674 ||| RETREEEEATING.
  1678 | D:3      | Slain by a gnoll

Levels and vault maps discovered:
D:1:      dpeg_arrival_chambers_temple_mockup, layout_basic, kennysheep_boxes
D:2:      kennysheep_six_static_rooms, layout_rooms,
          kennysheep_cross_bottleneck, kennysheep_generic_room_12
D:3:      cheibrodos_helix_gallery, layout_rooms, uniq_jessica

Skill      XL: |  1  2  3 |
---------------+----------+-----
Ranged Weapons | 6 7 |  7.9
Fighting       | |  1.5
Dodging        | |  2.4
Stealth        | |  1.2

Action                     |  1- 3 |  4- 6 || total
---------------------------+-------+-------++-------
   Fire: Shortbow          |   122 |    27 ||   149
    Use: Scroll            |     2 |     1 ||     3
         Potion            |     1 |       ||     1
 Armour: Leather armour    |    15 |     4 ||    19
  Dodge: Dodged            |    21 |     3 ||    24

Table legend:
 A = Non-vault XP
 B = Vault XP
 C = Vault XP percentage of total XP
 D = Non-vault monster count
 E = Vault monster count
 F = Vault count percentage of total count
                 A         B        C        D         E       F
            +---------+---------+-------+---------+---------+-------
      Total |     120 |      23 |  16.1 |      48 |       7 |  12.7
            +---------+---------+-------+---------+---------+-------
        D:1 |      44 |       0 |   0.0 |      25 |       0 |   0.0
        D:2 |      68 |      23 |  25.3 |      18 |       7 |  28.0
        D:3 |       8 |       0 |   0.0 |       5 |       0 |   0.0
            +---------+---------+-------+---------+---------+-------
